 Dungeon Crawl Stone Soup version 0.29.0-15-g675c0067aa (webtiles) character file.

Game seed: 6354151940840936666

2753 Persephone the Cleaver (level 9, -2/75 HPs)
             Began as a Minotaur Fighter on Sept 11, 2022.
             Was a Follower of Ashenzari.
             Slain by a white ugly thing (32 damage)
             ... on level 8 of the Dungeon.
             The game lasted 00:12:26 (6611 turns).

Persephone the Cleaver (Minotaur Fighter)           Turns: 6611, Time: 00:12:28

Health: -2/75      AC: 16    Str: 23    XL:     9   Next: 41%
Magic:  8/8        EV:  6    Int:  5    God:    Ashenzari [*.....]
Gold:   847        SH: 14    Dex: 12    Spells: 8/8 levels left

rFire   . . .      SeeInvis .   a - +0 war axe
rCold   . . .      Faith    .   z - +0 tower shield "Sidereal Fortune-Teller" {Range, Self} (curse)
rNeg    . . .      Spirit   .   b - +1 scale mail
rPois   .          Reflect  .   o - +1 hat
rElec   .          Harm     .   v - +0 cloak
rCorr   .          Rampage  .   (no gloves)
Will    .....                   r - +0 pair of boots
Stlth   ..........              (no amulet)
HPRegen 0.22/turn               j - ring of Ouranomancy {Slay+4, Fort, Alch} (curse)
MPRegen 0.11/turn               d - +4 ring of protection

@: on berserk cooldown, slowed, very slow
A: horns 2, retaliatory headbutt
a: Renounce Religion, Shatter the Chains


You were on level 8 of the Dungeon.
You worshipped Ashenzari.
Ashenzari was aware of your devotion.
You visited 2 branches of the dungeon, and saw 9 of its levels.

You collected 847 gold pieces.

Inventory:

Hand Weapons
 a - a +0 war axe (weapon)
Missiles
 A - a throwing net (quivered)
Armour
 b - a +1 scale mail (worn)
 c - a +0 buckler
 o - a +1 hat (worn)
 r - a +0 pair of boots (worn)
 v - a +0 cloak (worn)
 z - the cursed +0 tower shield "Sidereal Fortune-Teller" (worn) {Range, Self}
   (You found it on level 5 of the Dungeon)

   It has a curse which improves the following skills: Ranged Combat: Ranged
   Weapons and Throwing.
   Introspection: Fighting and Spellcasting.
Jewellery
 d - a +4 ring of protection (right hand)
 j - the cursed ring of Ouranomancy (left hand) {Slay+4, Fort, Alch}
   (You found it on level 1 of the Dungeon)

   [ring of slaying]

   Slay:      It affects your accuracy & damage with ranged weapons and melee
   (+4).
   It has a curse which improves the following skills: Fortitude: Armour and
   Shields.
   Alchemy:   Poison Magic and Transmutations.
Wands
 l - a wand of charming (11)
 u - a wand of polymorph (4)
Scrolls
 g - a scroll of blinking
 m - a scroll of enchant armour
 p - 3 scrolls of poison
 s - 3 scrolls of identify
 t - a scroll of noise
 w - a scroll of fear
 x - a scroll of torment
 y - 3 scrolls of teleportation
 B - a scroll of summoning
 C - a scroll of brand weapon
Potions
 e - 2 potions of heal wounds
 f - a potion of magic
 h - 3 potions of curing
 k - 3 potions of mutation
 n - a potion of attraction
 q - a potion of invisibility
 D - a potion of haste


   Skills:
 + Level 4.9(5.7) Fighting
 * Level 13.3 Axes
 + Level 4.9(5.7) Armour
 + Level 7.3(8.2) Shields


You had 8 spell levels left.
You didn't know any spells.
Your spell library contained the following spells:

 Spells                   Type           Power      Damage    Failure   Level
 Sting                    Tmut/Pois      0%         1d3       100%        1
 Poisonous Vapours        Pois/Air       0%         N/A       100%        2
 Olgreb's Toxic Radiance  Pois           0%         N/A       100%        4


Dungeon Overview and Level Annotations

Branches:
Dungeon (8/15)             Temple (1/1) D:5
   Lair: D:8-11

Altars:
Ashenzari
Cheibriados
Dithmenos
Fedhas
Gozag
Hepliaklqana
Makhleb
Nemelex Xobeh
Okawaru
Qazlal
Ru
Sif Muna
Trog
Uskayaw
Vehumet
Wu Jian
Xom
Yredelemnul
Zin
The Shining One

Annotations:
D:8 Maurice


Innate Abilities, Weirdness & Mutations

You have a pair of horns on your head.
You reflexively headbutt those who attack you in melee.


Message History

Found a staff of cold.
You feel a strong urge to attack something.
The white ugly thing gurgles horribly!
The bullfrog gives a loud, deep croak!
You feel your anger nearly subside.
You are no longer berserk.
You are exhausted.
You feel yourself slow down.
An electric eel comes into view.
There is a large open door here.
You block the bullfrog's attack. The bullfrog barely misses you.
You furiously retaliate!
You headbutt the bullfrog!
The bullfrog hits you but does no damage.
The bullfrog barely misses you. The bullfrog attacks as you move away!
You block the bullfrog's attack.
The bullfrog hits you but does no damage.
The bullfrog hits you but does no damage. x2
The bullfrog hits you but does no damage.
You block the bullfrog's attack. x2
You block the bullfrog's attack. The white ugly thing tail-slaps you.
The white ugly thing freezes you!
There is a stone staircase leading down here.
You can't go up here!
You block the white ugly thing's attack.
The white ugly thing tail-slaps you but does no damage.
You climb downwards.
The bullfrog croaks.
The killer bee buzzes angrily. x3
Found a scroll of amnesia.
There is a stone staircase leading up here.
You slash the white ugly thing!
The white ugly thing is lightly wounded.
A killer bee comes into view.
The white ugly thing tail-slaps you but does no damage.
The killer bee moves out of view.
You closely miss the white ugly thing.
The white ugly thing is lightly wounded.
The white ugly thing completely misses you.
Maurice the Thief comes into view.
He is wielding a +0 dagger and carrying a wand of mindburst (21).
You block the bullfrog's attack. The white ugly thing tail-slaps you!
The white ugly thing freezes you!!
You die...

#..@.# #....#
#....# #....#
#####....#
#........#####
+.....F.......
#.....@..#
######u### .y.
.y### ... ....
.?... ......


You could see a white ugly thing, Maurice (wandering), a bullfrog and 2 killer
bees.

Vanquished Creatures
  A komodo dragon (D:7)
  3 yaks (D:7)
  Duvessa (D:5)
  An ice beast (D:6)
  2 ogres (D:5)
  3 sky beasts
  A centaur (D:6)
  A phantom (D:5)
  2 scorpions (D:6)
  A necrophage (D:5)
  Dowan (D:5)
  2 electric eels (D:7)
  A hound (D:6)
  2 orc priests (D:5)
  2 gnoll boudas (D:6)
  3 jellies
  5 iguanas
  Ijyb (D:3)
  7 orc wizards
  A mummy (D:5)
  14 gnolls
  6 adders
  2 shadow imps
  2 white imps
  3 ufetubi (D:6)
  5 worms
  A dart slug (D:3)
  32 orcs
  4 bats
  6 endoplasms
  5 giant cockroaches
  7 hobgoblins
  2 jackals (D:5)
  5 kobolds
  3 quokkas
  3 ball pythons
  A frilled lizard (D:2)
  5 goblins
  6 rats
153 creatures vanquished.

Notes
Turn   | Place    | Note
-------+----------+-------------------------------------------
     0 | D:1      | Persephone the Minotaur Fighter began the quest for the
                  | Orb.
     0 | D:1      | Reached XP level 1. HP: 19/19 MP: 0/0
   186 | D:1      | Reached skill level 3 in Axes
   187 | D:1      | Reached XP level 2. HP: 26/27 MP: 1/1
   548 | D:2      | Found a faded altar of an unknown god.
   554 | D:2      | Reached skill level 4 in Axes
   557 | D:2      | Reached XP level 3. HP: 31/33 MP: 2/2
   929 | D:2      | Reached skill level 5 in Axes
   995 | D:2      | Reached XP level 4. HP: 36/39 MP: 3/3
  1437 | D:3      | Noticed Ijyb
  1441 | D:3      | Killed Ijyb
  2141 | D:4      | Reached skill level 6 in Axes
  2149 | D:4      | Reached XP level 5. HP: 35/46 MP: 4/4
  2449 | D:4      | Reached skill level 7 in Axes
  2765 | D:4      | Reached XP level 6. HP: 52/52 MP: 5/5
  3316 | D:5      | Entered Level 5 of the Dungeon
  3323 | D:5      | Reached skill level 8 in Axes
  3506 | D:5      | Reached skill level 9 in Axes
  3506 | D:5      | Reached XP level 7. HP: 46/58 MP: 6/6
  3846 | D:5      | Found a staircase to the Ecumenical Temple.
  3848 | D:5      | Found a shimmering altar of Xom.
  3853 | Temple   | Entered the Ecumenical Temple
  4045 | Temple   | Became a worshipper of Ashenzari the Shackled
  4373 | D:5      | Reached skill level 10 in Axes
  4668 | D:5      | Noticed Duvessa
  4668 | D:5      | Noticed Dowan
  4670 | D:5      | Found a snail-covered altar of Cheibriados.
  4676 | D:5      | Killed Duvessa
  4677 | D:5      | Killed Dowan
  5208 | D:6      | Reached XP level 8. HP: 62/66 MP: 7/7
  5318 | D:6      | Reached skill level 11 in Axes
  5376 | D:6      | Reached skill level 5 in Shields
  5474 | D:6      | Reached skill level 12 in Axes
  5931 | D:6      | Reached * piety under Ashenzari
  6173 | D:6      | Found an iron altar of Okawaru.
  6176 | D:6      | Found a blossoming altar of Fedhas.
  6179 | D:6      | Found a sacrificial altar of Ru.
  6204 | D:6      | Found a glowing silver altar of Zin.
  6205 | D:6      | Found a burning altar of Makhleb.
  6205 | D:6      | Found an ornate altar of the Wu Jian Council.
  6205 | D:6      | Found a hazy altar of Hepliaklqana.
  6210 | D:6      | Found a sparkling altar of Nemelex Xobeh.
  6507 | D:7      | Reached XP level 9. HP: 73/73 MP: 8/8
  6512 | D:7      | Reached skill level 13 in Axes
  6582 | D:7      | Noticed a komodo dragon
  6591 | D:7      | Killed a komodo dragon
  6593 | D:7      | Noticed a white ugly thing
  6611 | D:8      | Noticed Maurice
  6611 | D:8      | Slain by a white ugly thing

Illustrated notes

Levels and vault maps discovered:
D:1:      dpeg_arrival_tiny_j, layout_basic
D:2:      layout_rooms, chequers_ecumenical_altar_island, minmay_crystal_room,
          hangedman_decor_opposing, kennysheep_generic_room_10
D:3:      layout_basic, uniq_ijyb
D:4:      layout_basic, patterned_corridor
D:5:      layout_basic, slow_altar_1, xom_teletrap_fun,
          minmay_temple_entry_offerings, uniq_duvessa
D:6:      minmay_polygon_palace, layout_cave_pools, minitemple,
          grunt_temple_overflow_diamond, lemuel_old_faithful
D:7:      kennysheep_big_flooded_room, layout_rooms, chequers_garden,
          minmay_fountain_box, ldierk_geyser, minmay_misc_feat_columns
D:8:      layout_basic, elyvilon_altar_3, uniq_maurice, uniq_amaemon
Temple:   compressed_dpeg_circular_temple

Skill      XL: |  1  2  3  4  5  6  7  8  9 |
---------------+----------------------------+-----
Axes           | 3 4 5 6 7 9 10 12 13 | 13.3
Shields        | 4 6 7 |  7.3
Fighting       | 4 |  4.9
Armour         | 4 |  4.9

Action                   |  1- 3 |  4- 6 |  7- 9 || total
-------------------------+-------+-------+-------++-------
Melee: War axe           |    72 |    67 |   179 ||   318
       Headbutt          |    11 |     9 |    30 ||    50
Invok: Curse Item        |       |       |     2 ||     2
  Use: Scroll            |       |     7 |       ||     7
       Potion            |       |       |     2 ||     2
Armor: Scale mail        |    24 |    27 |   107 ||   158
Dodge: Dodged            |    38 |    24 |    39 ||   101
Block: Buckler           |    11 |     6 |     7 ||    24
       Tower shield      |       |       |   129 ||   129
